 Dungeon Crawl Stone Soup version 0.24-a0-813-g0f74319 (webtiles) character file.

Game seed: 12423954877839797004, levelgen mode: deterministic

170 Faca the Skirmisher (level 5, 0/44 HPs)
             Began as a Formicid Venom Mage on Oct 12, 2019.
             Slain by a quokka (2 damage)
             ... on level 3 of the Dungeon.
             The game lasted 00:07:46 (2855 turns).

Faca the Skirmisher (Formicid Venom Mage)           Turns: 2855, Time: 00:07:47

Health: 0/44       AC:  4    Str: 13    XL:     5   Next: 80%
Magic:  8/8        EV: 12    Int: 15    God:
Gold:   75         SH:  0    Dex: 11    Spells: 7/8 levels left

rFire    . . .     SeeInvis +   i - +8 club
rCold    . . .     Gourm    .   (no shield)
rNeg     . . .     Faith    .   b - +2 robe {MR+}
rPois    .         Spirit   .   (helmet unavailable)
rElec    .         Reflect  .   (no cloak)
rCorr    .         Harm     .   (no gloves)
MR       ++...                  (no boots)
Stlth    ++........             (no amulet)
HPRegen  0.14/turn              g - ring of protection from magic
MPRegen  0.11/turn              (no ring)

@: flying
A: permanent stasis, dig shafts and tunnels, four strong arms, antennae 3
a: Dig, Shaft Self


You were on level 3 of the Dungeon.
You were not hungry.

You visited 1 branch of the dungeon, and saw 3 of its levels.

You collected 75 gold pieces.

Inventory:

Hand Weapons
 i - a +8 club (weapon)
Armour
 b - a +2 robe of magic resistance (worn)
Jewellery
 g - a ring of protection from magic (left hand)
Wands
 d - a wand of polymorph (8)
Scrolls
 e - a scroll of noise {unknown}
 f - a scroll of remove curse {unknown}
 h - 2 scrolls of identify {unknown}
 j - a scroll of teleportation {unknown}
Potions
 a - a potion of degeneration {unknown}
Comestibles
 c - 3 rations


   Skills:
 + Level 5.5 Fighting
 - Level 1.7 Dodging
 - Level 2.4 Stealth
 - Level 2.1 Spellcasting
 - Level 0.8 Conjurations
 - Level 4.0 Poison Magic


You had 7 spell levels left.
You knew the following spells:

 Your Spells              Type           Power        Failure   Level  Hunger
a - Sting                 Conj/Pois      #...         9%          1    #......

Your spell library contained the following spells:

 Spells                   Type           Power        Failure   Level  Hunger
 Poisonous Vapours        Pois/Air       #.....       14%         2    ###....
 Mephitic Cloud           Conj/Pois/Air  #.......     32%         3    ###....
 Olgreb's Toxic Radiance  Pois           ##......     38%         4    #####..
 Venom Bolt               Conj/Pois      #.........   92%         5    ######.


Dungeon Overview and Level Annotations

Branches:
Dungeon (3/15)

Altars:


Innate Abilities, Weirdness & Mutations

You cannot be hasted, slowed, berserked, paralysed or teleported.
You can dig through walls and to a lower floor.
Your four strong arms can wield two-handed weapons with a shield.
You have a pair of large antennae on your head. (SInv)


Message History

The quokka closely misses you. The hobgoblin closely misses you.
You hit the hobgoblin but do no damage. The quokka bites you.
* * * LOW HITPOINT WARNING * * *
The goblin closely misses you. The hobgoblin barely misses you.
The quokka closely misses you.
You closely miss the quokka. The goblin hits you but does no damage.
The quokka bites you.
* * * LOW HITPOINT WARNING * * *
The hobgoblin hits you but does no damage.
The goblin barely misses you. The quokka bites you.
* * * LOW HITPOINT WARNING * * *
The quokka bites you but does no damage.
The quokka bites you.
* * * LOW HITPOINT WARNING * * *
Found 12 stones.
It was a potion of flight.
You feel very buoyant.
You fly up into the air.
The quokka barely misses you. The quokka bites you.
You die...

#### #.(#
##..# ...#
..# #.# { #@#
#####r####
#...gg...#
#....<...#...
#..........#
#....)...###
#........#
#....!.?.#
#........#


You could see a quokka, a hobgoblin and a goblin.

Vanquished Creatures
  Natasha (thrice) (D:2)
  Robin (D:2)
  An adder (D:2)
  2 oozes (D:2)
  3 worms
  4 dart slugs (D:1)
  A giant cockroach (D:1)
  15 goblins
  5 hobgoblins (D:2)
  4 jackals
  A quokka (D:2)
  A ball python (D:2)
  5 bats
  3 frilled lizards
  A kobold (D:1)
  7 rats
57 creatures vanquished.

Notes
Turn   | Place    | Note
-------+----------+-------------------------------------------
     0 | D:1      | Faca the Formicid Venom Mage began the quest for the Orb.
     0 | D:1      | Reached XP level 1. HP: 13/13 MP: 3/3
   100 | D:1      | Reached skill level 1 in Fighting
   171 | D:1      | Reached XP level 2. HP: 15/21 MP: 1/5
   247 | D:1      | Reached skill level 2 in Fighting
   922 | D:1      | Reached XP level 3. HP: 28/28 MP: 6/6
  1122 | D:2      | Noticed Natasha
  1132 | D:2      | Killed Natasha
  1132 | D:2      | Reached skill level 3 in Fighting
  1132 | D:2      | Reached XP level 4. HP: 25/36 MP: 5/7
  1374 | D:2      | Noticed Robin
  1415 | D:2      | Reached skill level 4 in Fighting
  2139 | D:2      | Noticed Natasha
  2149 | D:2      | Killed Natasha
  2149 | D:2      | Reached XP level 5. HP: 33/43 MP: 4/8
  2231 | D:2      | Reached skill level 5 in Fighting
  2519 | D:2      | Killed Robin
  2815 | D:2      | Noticed Natasha
  2822 | D:2      | Killed Natasha
  2852 | D:3      | HP: 1/44 [quokka (2)]
  2855 | D:3      | Slain by a quokka

Levels and vault maps discovered:
D:1:      lemuel_arrival_behind_the_door_small, layout_loops_ring,
          chequers_garden
D:2:      layout_rooms, uniq_robin, uniq_natasha
D:3:      layout_rooms, uniq_crazy_yiuf_cottage, uniq_jessica

Skill      XL: |  1  2  3  4  5 |
---------------+----------------+-----
Fighting       | 1 2 3 4 5 |  5.5
Dodging        | |  1.7
Stealth        | |  2.4
Spellcasting   | |  2.1
Conjurations   | |  0.8
Poison Magic   | |  4.0

Action                   |  1- 3 |  4- 6 || total
-------------------------+-------+-------++-------
Melee: Unarmed           |    31 |       ||    31
       Whip              |    37 |   176 ||   213
       Club              |       |    13 ||    13
 Cast: Sting             |     9 |    18 ||    27
 Abil: Dig               |       |     1 ||     1
  Use: Potion            |       |     1 ||     1
 Stab: Sleeping          |     2 |       ||     2
  Eat: Chunk             |     1 |     6 ||     7
Armor: Robe              |    23 |    60 ||    83
Dodge: Dodged            |    35 |   136 ||   171

Table legend:
 A = Non-vault XP
 B = Vault XP
 C = Vault XP percentage of total XP
 D = Non-vault monster count
 E = Vault monster count
 F = Vault count percentage of total count
                 A         B        C        D         E       F
            +---------+---------+-------+---------+---------+-------
      Total |     175 |      68 |  28.0 |      46 |      11 |  19.3
            +---------+---------+-------+---------+---------+-------
        D:1 |      34 |       0 |   0.0 |      17 |       0 |   0.0
        D:2 |     134 |      68 |  33.7 |      27 |      11 |  28.9
        D:3 |       7 |       0 |   0.0 |       2 |       0 |   0.0
            +---------+---------+-------+---------+---------+-------
